 Dungeon Crawl Stone Soup version 0.25-a0-990-g0adbbaad2a (console) character file.

Game seed: 14547349487599578436, levelgen mode: classic

6659 Duffy the Destroyer (level 10, 59/63 HPs)
             Began as a Demonspawn Fire Elementalist on May 10, 2020.
             Was a Believer of Sif Muna.
             Quit the game on level 9 of the Dungeon.
             The game lasted 00:14:23 (11670 turns).

Duffy the Destroyer (Demonspawn Fire Elementalist) Turns: 11670, Time: 00:14:24

Health: 59/63      AC:  9    Str:  9    XL:     10   Next: 73%
Magic:  31/31      EV: 12    Int: 19    God:    Sif Muna [**....]
Gold:   484        SH:  0    Dex: 14    Spells: 13/26 levels left

rFire    + . .     SeeInvis .   E - +4 dagger (venom)
rCold    + . .     Gourm    .   (no shield)
rNeg     . . .     Faith    .   x - +2 robe
rPois    .         Spirit   .   I - +1 hat {MR+}
rElec    .         Reflect  .   B - scarf {rC+ rF+}
rCorr    .         Harm     .   G - +0 pair of gloves
MR       +....                  K - +0 pair of boots
Stlth    +++.......             (no amulet)
HPRegen  0.20/turn              H - ring of stealth
MPRegen  0.22/turn              z - ring of magical power

@: no status effects
A: antennae 1, molten scales 1, powered by death 1
a: Channel Magic, Renounce Religion


You were on level 9 of the Dungeon.
You worshipped Sif Muna.
Sif Muna was pleased with you.
You were not hungry.

You visited 2 branches of the dungeon, and saw 10 of its levels.

You collected 574 gold pieces.
You spent 90 gold pieces at shops.

Inventory:

Hand Weapons
 a - a +4 dagger of pain
 y - a +2 scythe of freezing
 E - a +4 dagger of venom (weapon)
Missiles
 r - a throwing net (quivered)
Armour
 p - a +2 kite shield
 t - a +0 ring mail of fire resistance
 x - a +2 robe (worn)
 B - a scarf of resistance (worn)
 G - a +0 pair of gloves (worn)
 I - a +1 hat of magic resistance (worn)
 K - a +0 pair of boots (worn)
Magical Staves
 j - an uncursed staff of death {!a}
Jewellery
 z - a ring of magical power (right hand)
 H - a ring of stealth (left hand)
Wands
 h - a wand of polymorph (4)
 u - a wand of flame (2)
Scrolls
 b - a scroll of enchant weapon
 g - 2 scrolls of remove curse
 k - a scroll of silence {unknown}
 l - 2 scrolls of teleportation
 m - 2 scrolls of blinking
 s - a scroll of immolation {unknown}
 v - a scroll of random uselessness {unknown}
 C - a scroll of enchant armour {unknown}
Potions
 d - 2 potions of might {unknown}
 e - a potion of stabbing {unknown}
 f - 2 potions of brilliance
 i - 2 potions of heal wounds
 n - 2 potions of invisibility
 o - 4 potions of flight
 q - 3 potions of haste
 A - a potion of magic
 D - 3 potions of curing
 F - 2 potions of resistance {unknown}
 J - a potion of cancellation {unknown}
Comestibles
 c - 11 rations
 w - 5 chunks of flesh


   Skills:
 + Level 0.2 Fighting
 - Level 1.7 Dodging
 - Level 1.7 Stealth
 + Level 0.1 Shields
 - Level 8.6 Spellcasting
 - Level 9.6 Conjurations
 - Level 9.5 Fire Magic


You had 13 spell levels left.
You knew the following spells:

 Your Spells              Type           Power        Failure   Level  Hunger
h - Foxfire               Conj/Fire      ####         1%          1    None
j - Sticky Flame          Conj/Fire      #####...     1%          4    ###....
k - Fireball              Conj/Fire      #####.....   4%          5    #####..
l - Conjure Flame         Conj/Fire      #####...     1%          3    None

Your spell library contained the following spells:

 Spells                   Type           Power        Failure   Level  Hunger
 Inner Flame              Hex/Fire       ####....     3%          3    None


Dungeon Overview and Level Annotations

Branches:
Dungeon (9/15)             Temple (1/1) D:4            Lair (0/6) D:8
    Orc: D:9-12

Altars:
Ashenzari
Cheibriados
Dithmenos
Elyvilon
Fedhas
Gozag
Hepliaklqana
Kikubaaqudgha
Makhleb
Nemelex Xobeh
Okawaru
Qazlal
Ru
Sif Muna
Trog
Uskayaw
Vehumet
Wu Jian
Xom
Yredelemnul
Zin
The Shining One

Annotations:
D:5 exclusion: upstairs


Innate Abilities, Weirdness & Mutations

You have a pair of small antennae on your head.
You are partially covered in molten scales. (AC +2)
You regenerate a little health from kills.


Message History

The iguana is heavily wounded.
The iguana barely misses you.
You hit the iguana.
The iguana looks as sick as possible!
The iguana is severely wounded.
The iguana closely misses you.
You hit the iguana but do no damage.
The iguana looks as sick as possible!
The iguana is severely wounded.
You kill the iguana!
Sif Muna accepts your kill.
No target in view!
No target in view!
Search for what [Enter for "."]? , Can't find anything matching that.
Search for what [Enter for ",", or ? for help]? .
You see here a pair of boots.
K - a pair of boots You start putting on your armour.
You continue putting on your pair of boots. x4
You finish putting on your +0 pair of boots.
Are you sure you want to abandon this character and quit the game? (Confirm with "yes".)

. #.# #.# #.# #.#
######.### #........#
#.####.#.# #.####.#.#
#@##.....######..
##########.##.#..........#
##
#.......##.##.....######..
.## #.#.#.#.##.##.....#
..## #..#..............#
...## #.#)..#.#######.###
....# #.##.##.# #.# ...##
##.##.##.# #.# ..###
#........# #+#


There were no monsters in sight!

Vanquished Creatures
  Gastronok (D:9)
  A two-headed ogre (D:5)
  Pikel (D:4)
  A komodo dragon (D:8)
  Sigmund (D:4)
  4 hogs (D:7)
  A wyvern (D:8)
  A human (D:7)
  A hungry ghost (D:8)
  Edmund (D:4)
  4 slaves (D:4)
  A sky beast (D:7)
  An ice beast (D:5)
  2 ogres
  A phantom (D:4)
  An orc warrior (D:6)
  2 centaurs
  A big kobold (D:8)
  Blork the orc (D:4)
  2 bullfrogs
  2 scorpions
  6 killer bees (D:8)
  2 jellies
  A howler monkey (D:5)
  2 crimson imps
  A quasit (D:5)
  5 hounds
  A gnoll shaman (D:8)
  3 orc priests (D:4)
  2 bullfrog skeletons
  4 orc wizards
  A centaur skeleton (D:5)
  3 iguanas
  8 worker ants
  Robin (D:4)
  4 gnolls (D:8)
  A howler monkey skeleton (D:6)
  8 adders
  3 shadow imps
  3 oozes
  An adder zombie (D:8)
  4 adder skeletons
  2 worms
  A dart slug (D:1)
  A leopard gecko (D:2)
  30 orcs
  6 giant cockroaches
  14 goblins
  9 hobgoblins
  16 jackals
  6 quokkas
  6 bats
  6 frilled lizards
  10 kobolds
  A leopard gecko skeleton (D:5)
  A quokka skeleton (D:5)
  4 rats
208 creatures vanquished.

Vanquished Creatures (collateral kills)
  2 orcs
  A goblin (D:1)
  2 frilled lizards (D:1)
  A rat (D:3)
6 creatures vanquished.

Vanquished Creatures (others)
  536 foxfires
  4 plants
540 creatures vanquished.

Grand Total: 754 creatures vanquished

Notes
Turn   | Place    | Note
-------+----------+-------------------------------------------
     0 | D:1      | Duffy the Demonspawn Fire Elementalist began the quest for
                  | the Orb.
     0 | D:1      | Reached XP level 1. HP: 13/13 MP: 3/3
   199 | D:1      | Gained mutation: You regenerate a little health from kills.
                  | [demonic ancestry]
   199 | D:1      | Reached XP level 2. HP: 19/19 MP: 1/5
   688 | D:1      | Reached XP level 3. HP: 22/24 MP: 1/6
   693 | D:1      | Learned a level 3 spell: Conjure Flame
  1114 | D:2      | Found a burning altar of Makhleb.
  1872 | D:3      | Found a shimmering altar of Xom.
  1896 | D:3      | Found a shimmering altar of Xom.
  1925 | D:3      | Found a shimmering altar of Xom.
  1927 | D:3      | Found a shimmering altar of Xom.
  1929 | D:3      | Found a shimmering altar of Xom.
  1929 | D:3      | Found a shimmering altar of Xom.
  1931 | D:3      | Found a shimmering altar of Xom.
  2025 | D:3      | Reached XP level 4. HP: 30/30 MP: 3/8
  2194 | D:3      | Found a shattered altar of Ashenzari.
  2979 | D:4      | Reached XP level 5. HP: 35/35 MP: 1/9
  3146 | D:4      | Noticed Edmund
  3192 | D:4      | Killed Edmund
  3192 | D:4      | Reached XP level 6. HP: 19/41 MP: 5/12
  3376 | D:4      | Noticed a slave
  3378 | D:4      | Noticed a slave
  3379 | D:4      | Noticed a slave
  3409 | D:4      | Killed a slave
  3441 | D:5      | Entered Level 5 of the Dungeon
  3447 | D:5      | Learned a level 4 spell: Sticky Flame
  3673 | D:4      | Killed a slave
  4028 | D:4      | Noticed Robin
  4074 | D:4      | Killed Robin
  4201 | D:4      | Noticed Sigmund
  4271 | D:4      | Killed Sigmund
  4271 | D:4      | Reached XP level 7. HP: 34/46 MP: 8/13
  4400 | D:4      | Reached skill level 5 in Conjurations
  4507 | D:4      | Reached skill level 5 in Fire Magic
  4662 | D:4      | Noticed Blork the orc
  4670 | D:4      | Killed Blork the orc
  4998 | D:4      | Found a staircase to the Ecumenical Temple.
  5000 | D:4      | Noticed Pikel
  5013 | D:4      | Killed Pikel
  5013 | D:4      | Reached skill level 5 in Spellcasting
  5013 | D:4      | Reached XP level 8. HP: 41/52 MP: 6/15
  5834 | D:5      | Noticed a two-headed ogre
  5853 | D:5      | Killed a two-headed ogre
  5853 | D:5      | Gained mutation: You are partially covered in molten
                  | scales. (AC +2) [demonic ancestry]
  5853 | D:5      | Reached XP level 9. HP: 6/57 MP: 1/16
  6555 | D:5      | Found a shadowy altar of Dithmenos.
  6566 | Temple   | Entered the Ecumenical Temple
  6712 | Temple   | Became a worshipper of Sif Muna the Loreminder
  7164 | D:5      | Gained mutation: You expend magic power (3 MP) to
                  | strengthen your wands. [potion of mutation]
  7164 | D:5      | Gained mutation: You have a beak for a mouth. [potion of
                  | mutation]
  7164 | D:5      | Gained mutation: You have large cloven feet. [potion of
                  | mutation]
  7386 | D:6      | Learned a level 5 spell: Fireball
  7614 | D:6      | Found a blossoming altar of Fedhas.
  7766 | D:6      | Found a sparkling altar of Nemelex Xobeh.
  8481 | D:7      | Lost mutation: You expend magic power (3 MP) to strengthen
                  | your wands. [potion of mutation]
  8481 | D:7      | Lost mutation: You have large cloven feet. [potion of
                  | mutation]
  8481 | D:7      | Lost mutation: You have a beak for a mouth. [potion of
                  | mutation]
  8481 | D:7      | Gained mutation: You have a pair of small horns on your
                  | head. [potion of mutation]
  8481 | D:7      | Gained mutation: You have a pair of horns on your head.
                  | [potion of mutation]
  9648 | D:8      | Reached * piety under Sif Muna
  9682 | D:8      | Lost mutation: You have a pair of horns on your head.
                  | [demonic ancestry]
  9682 | D:8      | Lost mutation: You have a pair of small horns on your head.
                  | [demonic ancestry]
  9682 | D:8      | Gained mutation: You have a pair of small antennae on your
                  | head. [demonic ancestry]
  9682 | D:8      | Reached XP level 10. HP: 51/63 MP: 19/19
 10032 | D:8      | Found a glowing silver altar of Zin.
 10033 | D:8      | Found Zin's Purification Station.
 10241 | D:8      | Bought a potion of curing for 90 gold pieces
 10831 | D:8      | Found a staircase to the Lair.
 11161 | D:9      | Noticed Gastronok
 11179 | D:9      | Killed Gastronok
 11644 | D:9      | Reached ** piety under Sif Muna
 11670 | D:9      | Quit the game

Illustrated notes

Levels and vault maps discovered:
D:1:      dpeg_arrival_shelter, layout_rooms
D:2:      layout_basic, old_standard_altar, first_ration, minmay_domino_2
D:3:      layout_basic, overflow_temple_1_default, nicolae_xom_altar_mimics
D:4:      layout_loops_corners, minmay_temple_entry_from_below_a, serial_bayou,
          serial_bayou_pond_e, serial_bayou_pond_e, serial_bayou_shore_b,
          serial_bayou_lagoon_b, chequers_serial_rivers_small_a,
          minmay_crossroads, uniq_robin, uniq_pikel, uniq_edmund, uniq_sigmund,
          uniq_blork_the_orc
D:5:      lemuel_ice_spiral_2, layout_rooms, old_standard_altar
D:6:      layout_loops_cross, fedhas_ov_isle_minmay,
          nemelex_xobeh_ov_fountains_minmay
D:7:      layout_loops_ring, grunt_livestock, kennysheep_generic_room_5
D:8:      layout_basic, zin_purify, david_lair_shrubbed, eino_jars
D:9:      layout_loops_corners, nicolae_dithmenos_through_a_glass_darkly,
          uniq_gastronok
Temple:   eino_temple_rhombus

Skill      XL: |  1  2  3  4  5  6  7  8  9 10 |
---------------+-------------------------------+-----
Conjurations   | 2 3 4 5 7 9 |  9.6
Spellcasting   | 3 4 5 6 8 |  8.6
Fire Magic     | 3 4 5 7 8 9 |  9.5
Fighting       | |  0.2
Dodging        | |  1.7
Stealth        | |  1.7
Shields        | |  0.1

Action                   |  1- 3 |  4- 6 |  7- 9 | 10-12 || total
-------------------------+-------+-------+-------+-------++-------
Melee: Dagger            |     9 |   138 |   165 |   138 ||   450
       Headbutt          |       |       |    12 |       ||    12
       Kick              |       |       |     5 |       ||     5
       Peck              |       |       |     2 |       ||     2
 Cast: Foxfire           |    85 |    50 |   201 |    54 ||   390
       Sticky Flame      |       |     2 |    23 |    10 ||    35
       Conjure Flame     |       |       |    12 |       ||    12
       Fireball          |       |       |       |     8 ||     8
Evoke: Wand              |       |       |     5 |       ||     5
  Use: Scroll            |     3 |     2 |     8 |     1 ||    14
       Potion            |       |       |     2 |       ||     2
 Stab: Sleeping          |     1 |     4 |     1 |     2 ||     8
  Eat: Chunk             |     4 |     4 |    18 |     5 ||    31
       Ration            |       |     1 |     1 |     2 ||     4
Armor: Robe              |     1 |    22 |    78 |    37 ||   138
Dodge: Dodged            |    18 |    73 |   122 |    89 ||   302

Table legend:
 A = Non-vault XP
 B = Vault XP
 C = Vault XP percentage of total XP
 D = Non-vault monster count
 E = Vault monster count
 F = Vault count percentage of total count
                 A         B        C        D         E       F
            +---------+---------+-------+---------+---------+-------
      Total |    4334 |    5179 |  54.4 |     176 |      34 |  16.2
            +---------+---------+-------+---------+---------+-------
        D:1 |      49 |       0 |   0.0 |      25 |       0 |   0.0
        D:2 |      26 |       2 |   7.1 |      13 |       1 |   7.1
        D:3 |     117 |       0 |   0.0 |      23 |       0 |   0.0
        D:4 |     747 |    1163 |  60.9 |      31 |      19 |  38.0
        D:5 |    1454 |       0 |   0.0 |      18 |       0 |   0.0
        D:6 |     287 |       0 |   0.0 |      15 |       0 |   0.0
        D:7 |     485 |    1079 |  69.0 |      13 |       6 |  31.6
        D:8 |     982 |     742 |  43.0 |      33 |       7 |  17.5
        D:9 |     187 |    2193 |  92.1 |       5 |       1 |  16.7
            +---------+---------+-------+---------+---------+-------
